Unix NetHack Version 3.7.0-53 Work-in-progress - last build Apr 1 2022 12:02:44 (7e311aa8f678825fd515f266b121b8a7a7199ace,branch:master). Game began 2022-04-02 04:03:52, ended 2022-04-03 23:11:04. lew, neutral male human Wizard ------- %s@...--- ---....| --...---- ----...--- --.... |)....----...... --............... ---.....----....... --.......----....... |.........|......-- --..............-- --...^.......--| ---.[.........| ---- ---....))*..-- |..--------....).....--- |....|.|.|..........)..| ----*...........)..)|..| |....----.----..---.| --...| --- ---- --- ----- Lew the Conjurer St:12 Dx:12 Co:14 In:18 Wi:14 Ch:8 Neutral Dlvl:7 $:72 HP:0(37) Pw:33(39) AC:4 Xp:5/314 T:2482 Satiated Latest messages: You miss the giant ant. The giant ant bites! The housecat misses the giant ant. You hit the giant ant. The giant ant bites! The housecat misses the giant ant. You miss the giant ant. The giant ant bites! The housecat bites the giant ant. The housecat bites the giant ant. In what direction? The spell misses the giant ant. The giant ant bites! The housecat bites the giant ant. The giant ant misses the housecat. In what direction? The spell hits the giant ant! You kill the giant ant! You see here 2 slime molds. N - 2 slime molds. You step onto a level teleport trap! You feel a wrenching sensation. Your candle is getting short. F - a dagger (at the ready). What do you want to drop? [$a-jo-qsu-wzA-DF-HK-N or ?*] Count: 1 F You drop a dagger. You stop. Your housecat is in the way! The housecat drops an arrow. You are carrying too much to get through. What do you want to drop? [$a-jo-qsu-wzA-DF-HK-N or ?*] You drop a dagger. What do you want to drop? [$a-jo-qsu-wzA-DF-HKMN or ?*] You drop 8 daggers. You miss the gnome. You miss the gnome. The gnome hits! You kill the gnome! In what direction? The spell hits the giant spider! You kill the giant spider! You hit the giant spider! The giant spider bites! The giant spider's bite was poisoned! The poison was deadly... Do you want your possessions identified? [ynq] (y) Do you want to see your attributes? [ynq] (y) Do you want an account of creatures vanquished? [ynaq] (y) Do you want to see your conduct and achievements? [ynq] (y) Do you want to see the dungeon overview? [ynq] (y) Major events: Turn 1: lew the neutral male human Wizard entered the dungeon 955: entered the Gnomish Mines 1029: attained the rank of Conjurer (level 3) 2482: poisoned by a giant spider Inventory: Coins $ - 72 gold pieces Weapons C - a cursed +0 long sword a - a blessed +1 quarterstaff (weapon in hands) Armor D - an uncursed +0 dwarvish iron helm (being worn) b - an uncursed +0 cloak of magic resistance (being worn) w - a blessed +0 studded leather armor (being worn) Comestibles N - 2 uncursed slime molds Scrolls j - an uncursed scroll of confuse monster p - a cursed scroll of enchant weapon M - an uncursed scroll of fire i - 2 uncursed scrolls of identify z - 2 uncursed scrolls of identify Potions B - a blessed potion of confusion f - an uncursed potion of gain ability v - a blessed potion of invisibility h - a blessed potion of monster detection u - an uncursed potion of oil g - an uncursed potion of sickness Rings d - an uncursed ring of conflict e - an uncursed ring of protection from shape changers Wands c - a wand of cancellation (0:6) s - a wand of nothing (0:13) A - a wand of speed monster (0:7) o - a wand of speed monster (0:3) Tools G - an uncursed leather drum H - a can of grease (0:11) K - an uncursed partly used tallow candle (lit) q - an uncursed tin opener Lew the Wizard's attributes: Background: You were a Conjurer, a level 5 male human Wizard. You were neutral, on a mission for Thoth who was opposed by Ptah (lawful) and Anhur (chaotic). You were in the Gnomish Mines, on level 7. You entered the dungeon 2482 turns ago. It was nighttime. There was a new moon in effect when your adventure ended. You had 314 experience points, 6 more were needed to attain level 6. Basics: You had 0 out of 37 hit points. You had 33 out of 39 energy points (spell power). Your armor class was 4. Your wallet contained 72 zorkmids. Autopickup was on for '$!?' plus thrown. Final Characteristics: Your strength was 12 (limit:18/100). Your dexterity was 12 (limit:18). Your constitution was 14 (limit:18). Your intelligence was 18 (limit:18). Your wisdom was 14 (limit:18). Your charisma was 8 (limit:18). Final Status: You were satiated. You were unencumbered. You were wielding a quarterstaff. You had basic skill with quarterstaff. Final Attributes: You were piously aligned. You were magic-protected. You were warded. You were fast. You are dead. Miscellaneous: You encountered 1 bones level. Total elapsed playing time was 54 minutes and 17 seconds. Vanquished creatures: a giant spider 3 Uruk-hai a violet fungus 4 gnome leaders 2 elf zombies 2 giant ants a floating eye 5 dwarves an acid blob 4 hobbits 2 hobgoblins 2 brown molds a yellow mold 20 gnomes 2 geckos 4 jackals a fox 6 sewer rats 3 grid bugs a kobold zombie 4 newts 70 creatures vanquished. No species were genocided or became extinct. Voluntary challenges: You read items or engraved 4 times. You never engraved Elbereth. You never genocided any monsters. You never polymorphed an object. You never changed form. You used no wishes. Achievements: You entered the Gnomish Mines. You attained the rank of Conjurer. The Dungeons of Doom: levels 1 to 5 Level 1: "vault" A fountain. Level 2: Some altars to Thoth. Level 3: "vault" A fountain. Level 4: Stairs down to The Gnomish Mines. Level 5: A fountain. Final resting place for nurdglaw-Kni-Hum-Mal-Law, killed by a killer bee. The Gnomish Mines: levels 5 to 7 Level 5: Level 6: Level 7: <- You were here. Final resting place for you, poisoned by a giant spider. Game over: ---------- / \ / REST \ / IN \ / PEACE \ / \ | lew | | 72 Au | | poisoned by a | | giant spider | | | | | | 2022 | *| * * * | * _________)/\\_//(\/(/\)/\//\/|_)_______ Goodbye lew the Wizard... You were poisoned in The Gnomish Mines on dungeon level 7 with 1621 points, and 72 pieces of gold, after 2482 moves. You were level 5 with a maximum of 37 hit points when you were poisoned.